Map: Blueshift LE

Players

Sketchaphone - Winner!

  • Race: Zerg Zerg
  • League: Gold
  • Spawn Location: 1:00

TNAK

  • Race: Zerg Zerg
  • League: Gold
  • Spawn Location: 7:00

VOD

Have the link to the VOD?

Description

Time

  • Played on: Nov. 10, 2018, 2:57 p.m.
  • Length: 10:40
Show
View Real Time Build Order
Export as new Build Order

Sketchaphone Zerg - Winner!

Build Orders: Hatch First 

Get SALT Encoding   

  12  0:02  Drone  
  13  0:13  Overlord  
  13  0:17  Drone  
  14  0:32  Drone x2  
  16  0:37  Drone  
  17  1:00  Drone  
  18  1:04  Hatchery  
  17  1:18  Spawning Pool  
  16  1:37  Drone  
  16  1:39  Overlord  
  17  2:02  Extractor  
  17  2:06  Queen, Zergling x6  
  21  2:16  Spine Crawler  
  21  2:17  Zergling x2  
  21  2:18  Drone  
  22  2:30  Overlord  
  22  2:36  Queen  
  24  2:47  Drone  
  26  2:51  Drone x3  
  26  2:52  Drone  
  29  3:00  Drone  
  29  3:04  Drone  
  31  3:19  Metabolic Boost  
  31  3:20  Roach Warren  
  31  3:21  Drone x4  
  31  3:24  Drone  
  31  3:25  Overlord  
  35  3:39  Drone x3  
  38  3:49  Drone x5  
  42  4:05  Drone  
  41  4:14  Roach x3  
  46  4:23  Drone x2  
  48  4:27  Hatchery  
  48  4:28  Queen  
  49  4:56  Zergling x2  
  49  4:57  Zergling x2  
  49  4:58  Overlord x3  
  51  5:05  Overlord  
  51  5:06  Overlord  
  51  5:16  Pneumatized Carapace  
  51  5:17  Overlord  
  51  5:21  Hatchery  
  50  5:24  Roach  
  50  5:25  Roach x3, Hatchery  
  50  5:27  Drone  
  58  5:34  Drone x2  
  60  5:37  Extractor  
  60  5:40  Drone x2  
  61  5:51  Queen  
  63  6:02  Zergling x16  
  71  6:05  Lair  
  71  6:14  Extractor  
  71  6:16  Spore Crawler  
  69  6:34  Overlord x3  
  69  6:45  Zergling x2  
  69  6:46  Zergling x6  
  73  6:49  Extractor  
  72  7:00  Overlord  
  72  7:04  Evolution Chamber  
  71  7:08  Evolution Chamber, Drone x4  
  71  7:12  Queen, Drone x2  
  71  7:13  Drone x2  
  80  7:38  Roach x4  
  80  7:39  Roach x9  
  106  7:48  Roach x3  
  106  7:50  Glial Reconstitution  
  112  7:55  Evolution Chamber  
  112  7:58  Roach, Drone  
  113  7:59  Drone x4  
  113  8:02  Roach x2  
  113  8:03  Overseer  
  122  8:11  Queen  
  110  8:39  Overlord x3  
  110  8:42  Roach x3  
  110  8:45  Zerg Ground Armor Level 1  
  116  8:48  Infestation Pit  
  116  8:55  Roach Warren  
  114  8:58  Drone x3  
  117  9:15  Roach x5  
  117  9:16  Roach x12  
  143  9:37  Roach x9  
  151  9:52  Hydralisk Den  
  150  9:53  Infestation Pit  
  150  9:54  Drone  
  150  9:55  Drone x4  
  154  10:06  Ravager x2  
Show
View Real Time Build Order
Export as new Build Order

TNAK Zerg 

Build Orders: Pool First 

Get SALT Encoding   

  12  0:10  Overlord  
  12  0:13  Drone  
  13  0:17  Drone  
  14  0:35  Drone x2  
  16  0:48  Spawning Pool  
  15  0:55  Drone  
  15  0:56  Drone  
  17  1:13  Drone  
  18  1:23  Drone  
  19  1:34  Drone  
  19  1:36  Hatchery  
  19  1:38  Queen  
  21  1:45  Spore Crawler  
  20  1:48  Drone  
  20  1:52  Spine Crawler  
  20  1:56  Overlord  
  20  2:00  Extractor  
  19  2:11  Drone  
  19  2:12  Drone  
  21  2:16  Queen  
  23  2:23  Drone  
  24  2:33  Spine Crawler  
  23  2:38  Drone  
  23  2:41  Drone  
  25  2:51  Extractor  
  24  2:52  Queen  
  24  2:53  Drone  
  24  2:57  Zergling x2  
  28  3:13  Drone  
  28  3:15  Drone  
  30  3:21  Drone x3  
  30  3:23  Queen  
  35  3:30  Baneling Nest  
  34  3:34  Overlord  
  34  3:35  Drone x2  
  36  3:45  Spine Crawler, Drone  
  36  3:49  Overlord  
  35  3:56  Zergling x2  
  36  4:20  Zergling x2, Drone x6  
  43  4:25  Baneling x2  
  43  4:36  Drone x2  
  45  4:43  Roach Warren  
  44  4:46  Extractor  
  43  4:52  Baneling  
  43  4:53  Baneling  
  43  5:00  Overlord, Drone x3  
  46  5:13  Drone x3  
  49  5:16  Extractor  
  49  5:21  Evolution Chamber  
  47  5:27  Overlord, Drone x3  
  50  5:40  Lair  
  50  5:47  Zergling x4, Drone x5  
  50  5:48  Drone  
  58  6:05  Hatchery  
  57  6:15  Baneling x4  
  57  6:16  Spine Crawler  
  56  6:19  Overlord, Drone x3  
  56  6:20  Drone x5  
  56  6:24  Zerg Ground Armor Level 1  
  64  6:31  Pneumatized Carapace  
  64  6:42  Zergling x8  
  64  6:43  Zergling x2  
  64  6:44  Zergling x4  
  71  6:52  Drone x2  
  75  6:54  Overlord, Roach  
  75  6:56  Overlord x2  
  75  6:57  Overlord  
  75  7:04  Spire  
  75  7:06  Extractor  
  73  7:09  Extractor  
  73  7:12  Overlord  
  72  7:26  Baneling x6  
  72  7:27  Overlord, Drone x5  
  72  7:28  Drone x2  
  72  7:29  Drone  
  79  7:41  Zergling x2, Drone x3  
  79  7:42  Drone x3  
  79  7:43  Baneling x7  
  79  7:44  Baneling  
  86  7:53  Drone  
  86  7:54  Drone x5  
  92  8:00  Drone x2  
  92  8:03  Roach  
  96  8:09  Evolution Chamber, Infestation Pit  
  94  8:17  Corruptor x2  
  94  8:18  Corruptor  
  98  8:34  Hatchery  
  97  8:48  Queen  
  99  8:54  Drone x4  
  99  8:55  Zergling x4, Drone  
  106  9:08  Corruptor x2  
  106  9:09  Corruptor  
  113  9:10  Drone x3  
  113  9:13  Baneling x2  
  115  9:20  Baneling x2  
  115  9:21  Baneling x2  
  115  9:23  Queen  
  116  9:26  Mutalisk x3  
  117  9:31  Zergling x2  
  117  9:32  Zergling x4  
  113  9:40  Zergling x4  
  113  9:41  Mutalisk  
  117  9:50  Extractor  
  116  9:55  Extractor  
  115  10:00  Zergling x8  
  115  10:01  Zergling x6  
  128  10:24  Baneling  
  128  10:25  Baneling x2  
  128  10:26  Baneling  
Tags
 
League
GoldGold
Matchup
ZvZ
Race
Zerg
Replay Pack
init
Spawn Locations
Cross Positions
Add a new tag
Caveats
  • Supply blocks, unpowered buildings, or Contaminate may cause inaccurate times.
  • Supply counts are checked every 10 seconds.